 Dungeon Crawl Stone Soup version 0.28.0-49-g6dfe1f597d (webtiles) character file.

Game seed: 18220799153387709975

2144 Zeld the Digger (level 9, -5/54 HPs)
             Began as a Gargoyle Earth Elementalist on May 17, 2022.
             Killed by divine providence
             ... invoked by an orc priest
              (9 damage)
             ... on level 7 of the Dungeon.
             The game lasted 00:08:19 (8950 turns).

Zeld the Digger (Gargoyle Earth Elementalist)       Turns: 8950, Time: 00:08:19

Health: -5/54      AC: 14    Str: 12    XL:     9   Next: 30%
Magic:  16/16      EV: 12    Int: 20    God:
Gold:   413        SH:  0    Dex: 10    Spells: 12/18 levels left

rFire   + . .      SeeInvis .   h - +3 hand axe of Ojaq {drain, rElec rF+ rC-}
rCold   x . .      Faith    .   (no shield)
rNeg    + . .      Spirit   .   b - +0 robe
rPois   ∞          Reflect  .   m - +0 helmet
rElec   +          Harm     .   (no cloak)
rCorr   .          Rampage  .   w - +2 pair of gloves
Will    .....                   A - +0 pair of boots
Stlth   +++.......              (no amulet)
HPRegen 0.18/turn               g - ring of wizardry
MPRegen 0.15/turn               (no ring)

@: no status effects
A: sickness immunity, AC +6, negative energy resistance 1, electricity
resistance, torment resistance 1, petrification resistance
a: no special abilities


You were on level 7 of the Dungeon.
You visited 2 branches of the dungeon, and saw 8 of its levels.
You also visited: Ossuary.

You collected 413 gold pieces.

Inventory:

Hand Weapons
 h - the +3 hand axe of Ojaq (weapon) {drain, rElec rF+ rC-}
   (You took it off a kobold on level 2 of the Dungeon)

   A truly terrible weapon, it drains the life of any living foe it strikes.
   rF:        It protects you from fire.
   rC:        It makes you vulnerable to cold.
   rElec:     It insulates you from electricity.
 q - a +0 morningstar
Missiles
 c - 156 stones
Armour
 b - a +0 robe (worn)
 m - a +0 helmet (worn)
 w - a +2 pair of gloves (worn)
 A - a +0 pair of boots (worn)
Jewellery
 g - a ring of wizardry (left hand)
Wands
 y - a wand of charming (9)
 B - a wand of flame (11)
Scrolls
 a - a scroll of fear {unknown}
 d - 7 scrolls of identify {unknown}
 f - 3 scrolls of enchant weapon {unknown}
 k - 5 scrolls of immolation {unknown}
 n - a scroll of fog {unknown}
 o - 4 scrolls of teleportation {unknown}
 p - a scroll of blinking {unknown}
 s - 2 scrolls of magic mapping {unknown}
 u - a scroll of silence {unknown}
 z - a scroll of enchant armour {unknown}
 D - a scroll of amnesia {unknown}
Potions
 e - 4 potions of curing {unknown}
 i - a potion of attraction {unknown}
 j - 2 potions of magic {unknown}
 l - 2 potions of haste {unknown}
 r - 2 potions of mutation {unknown}
 t - 2 potions of cancellation {unknown}
 v - 3 potions of might {unknown}
 x - 2 potions of heal wounds {unknown}
 C - 2 potions of brilliance {unknown}
 E - a potion of invisibility {unknown}


   Skills:
 * Level 5.5 Fighting
 * Level 5.4 Armour
 + Level 3.3 Dodging
 + Level 4.7 Stealth
 * Level 5.0 Spellcasting
 + Level 3.1 Conjurations
 - Level 1.0 Transmutations
 * Level 7.2 Earth Magic


You had 12 spell levels left.
You knew the following spells:

 Your Spells              Type           Power      Damage    Failure   Level
a - Sandblast             Erth           66%        2d15      1%          1
b - Passwall              Tmut/Erth      17%        N/A       1%          2
c - Stone Arrow           Conj/Erth      50%        3d10      1%          3

Your spell library contained the following spells:

 Spells                   Type           Power      Damage    Failure   Level
 Petrify                  Tmut/Erth      21%        N/A       9%          4


Dungeon Overview and Level Annotations

Branches:
Dungeon (7/15)             Temple (1/1) D:4         Ossuary (visited)

Altars:
Ashenzari
Cheibriados
Elyvilon
Gozag
Kikubaaqudgha
Makhleb
Nemelex Xobeh
Okawaru
Qazlal
Trog
Uskayaw
Vehumet
Wu Jian
Xom
Yredelemnul
Zin
The Shining One


Innate Abilities, Weirdness & Mutations

You are immune to sickness and miasma.
Your stone body is resilient. (AC +6)
You are immune to poison.
You resist negative energy. (rN+)
You are resistant to electric shocks. (rElec)
You are resistant to unholy torment.
You are immune to petrification.


Message History

HP restored.
You start waiting.
Done exploring.
Done exploring.
Done exploring.
Done exploring.
Done exploring.
There is an open door here.
There is a gate leading back out of this place here.
Welcome back to the Dungeon!
The centaur zombie hits you but does no damage.
The centaur zombie barely misses you.
The water moccasin zombie bites you but does no damage.
The orc priest calls down the wrath of Beogh upon you.
Beogh smites you! The orc warrior closely misses you.
The centaur zombie completely misses you.
The centaur zombie kicks you but does no damage.
The water moccasin zombie closely misses you.
The orc warrior closely misses you.
The orc priest invokes the aid of Beogh against you.
Beogh smites you!
There is a collapsed entrance here.
Unknown command.
The ice beast hits you. The ice beast freezes you!
You feel a terrible chill!
* * * LOW HITPOINT WARNING * * *
The water moccasin zombie barely misses you.
The centaur zombie closely misses you. The centaur zombie barely misses you.
The ice beast barely misses you.
The orc priest miscasts a cantrip.
Unknown command.
The orc priest calls down the wrath of Beogh upon you.
Pain shoots through your body!
* * * LOW HITPOINT WARNING * * *
The orc priest looks satisfied for a moment.
The orc priest mumbles some strange prayers to Beogh against you.
Pain shoots through your body!
* * * LOW HITPOINT WARNING * * *
The orc priest mumbles some strange prayers to Beogh against you.
Beogh smites you!
You die...

..... .....
##############....
#...............#
#....(..........#
#.........Y.....#
#........Zo.....#
#........Zo.....#####
...........###@......#
...........# #.......#
........#### #.......#
........# #......<#
[.......# #.......#
........# ###.......#
..##+#### #.........#
+.........#
#........)#


You could see an orc warrior, an ice beast, an orc priest, a water moccasin
zombie and a centaur zombie.

Vanquished Creatures
  A manticore (D:6)
  2 sky beasts (D:6)
  An ice beast (D:5)
  A black bear (D:4)
  A centaur (D:5)
  4 elf zombies (Ossuary)
  2 scorpions
  3 vampire bats (D:4)
  A howler monkey (D:5)
  2 human zombies (Ossuary)
  6 centaur zombies (Ossuary)
  A bullfrog zombie (D:5)
  2 hounds
  A jelly (D:4)
  A bullfrog skeleton (D:6)
  A centaur skeleton (D:6)
  An iguana (D:6)
  3 hound skeletons
  3 mummies (Ossuary)
  7 gnolls
  4 adders
  A shadow imp (D:6)
  An ufetubus (D:6)
  6 worms
  2 dart slugs (D:1)
  14 orcs
  8 ball pythons
  3 bat skeletons (D:4)
  3 bat zombies (D:4)
  6 endoplasms
  4 giant cockroaches
  10 hobgoblins
  3 jackals
  4 quokkas
  5 bats
  5 frilled lizards
  7 goblins
  9 kobolds
  10 rats
149 creatures vanquished.

Vanquished Creatures (others)
  50 plants (D:2)
50 creatures vanquished.

Grand Total: 199 creatures vanquished

Notes
Turn   | Place    | Note
-------+----------+-------------------------------------------
     0 | D:1      | Zeld the Gargoyle Earth Elementalist began the quest for
                  | the Orb.
     0 | D:1      | Reached XP level 1. HP: 10/10 MP: 3/3
   363 | D:1      | Reached XP level 2. HP: 16/16 MP: 1/5
   366 | D:1      | Learned a level 2 spell: Passwall
   683 | D:1      | Reached skill level 1 in Fighting
   770 | D:1      | Reached skill level 4 in Earth Magic
   770 | D:1      | Reached XP level 3. HP: 15/20 MP: 0/6
   786 | D:1      | Learned a level 3 spell: Stone Arrow
  1092 | D:1      | Reached skill level 1 in Armour
  1538 | D:2      | Reached skill level 1 in Transmutations
  1538 | D:2      | Reached XP level 4. HP: 26/26 MP: 3/7
  1661 | D:2      | Identified the +3 hand axe of Ojaq {drain, rElec rF+ rC-}
  2702 | D:3      | Reached XP level 5. HP: 27/30 MP: 9/9
  2771 | D:3      | Found a faded altar of an unknown god.
  4059 | D:4      | Noticed a black bear
  4068 | D:4      | Killed a black bear
  4069 | D:4      | Reached XP level 6. HP: 32/36 MP: 3/10
  4400 | D:4      | Reached skill level 5 in Earth Magic
  4422 | D:4      | Found an ancient bone altar of Kikubaaqudgha.
  4434 | D:4      | Reached XP level 7. HP: 34/41 MP: 4/12
  4550 | D:5      | Entered Level 5 of the Dungeon
  4704 | D:5      | Reached skill level 1 in Conjurations
  5540 | D:4      | Found a staircase to the Ecumenical Temple.
  5668 | Temple   | Entered the Ecumenical Temple
  6128 | D:4      | Reached XP level 8. HP: 35/48 MP: 13/13
  6654 | D:6      | Reached skill level 6 in Earth Magic
  6892 | D:6      | Noticed a manticore
  7692 | D:6      | Killed a manticore
  8025 | D:6      | Reached skill level 5 in Fighting
  8094 | D:6      | Found a glowing silver altar of Zin.
  8094 | D:6      | Noticed an angel
  8203 | D:7      | Found a sand-covered staircase.
  8212 | Ossuary  | Entered an ossuary
  8359 | Ossuary  | Reached XP level 9. HP: 50/54 MP: 16/16
  8370 | Ossuary  | Reached skill level 5 in Armour
  8477 | Ossuary  | Reached skill level 7 in Earth Magic
  8628 | Ossuary  | Reached skill level 5 in Spellcasting
  8950 | D:7      | Killed from afar by an orc priest

Illustrated notes

Levels and vault maps discovered:
D:1:      dpeg_arrival_leaves_temple_mockup, layout_loops_ring
D:2:      minmay_thinvault, layout_loops_corners, kennysheep_boxes
D:3:      layout_loops_cross, ebering_ecumenical_altar_box
D:4:      minmay_chambers_of_fours, layout_rooms, kennysheep_vampire_church,
          temple_pool_b, kennysheep_generic_room_16
D:5:      layout_gridville, kennysheep_generic_room_5
D:6:      layout_basic, zin_angel
D:7:      layout_gridville, enter_ossuary_1
Temple:   eino_wide_crystal_templ

Skill      XL: |  1  2  3  4  5  6  7  8  9 |
---------------+----------------------------+-----
Fighting       | 1 2 3 5 |  5.5
Earth Magic    | 4 5 6 7 |  7.2
Armour         | 1 2 3 4 5 |  5.4
Transmutations | 1 |  1.0
Dodging        | 2 3 |  3.3
Spellcasting   | 3 4 5 |  5.0
Stealth        | 3 4 |  4.7
Conjurations   | 1 2 3 |  3.1

Action                   |  1- 3 |  4- 6 |  7- 9 || total
-------------------------+-------+-------+-------++-------
Melee: Unarmed           |    24 |     9 |       ||    33
       Hand axe          |       |   122 |   222 ||   344
       Punch             |       |     1 |     2 ||     3
 Cast: Sandblast         |    55 |     3 |       ||    58
       Stone Arrow       |       |     4 |    29 ||    33
Evoke: Wand              |       |       |     7 ||     7
 Stab: Sleeping          |     1 |     3 |     4 ||     8
       Distracted        |       |     1 |       ||     1
Armor: Robe              |     5 |    62 |   240 ||   307
Dodge: Dodged            |    32 |   129 |   287 ||   448
